 Dungeon Crawl Stone Soup version 0.20.0-15-g7f486f2 (webtiles) character file.

8838 Inchmeat the Brawler (level 11, 0/141 HPs)
             Began as a Troll Fighter on June 28, 2017.
             Was a Believer of Cheibriados (penitent).
             Succumbed to a killer bee's poison
             ... on level 9 of the Dungeon.
             The game lasted 00:22:59 (8276 turns).

Inchmeat the Brawler (Troll Fighter)                Turns: 8276, Time: 00:22:59

Health: 0/141      AC:  9    Str: 36    XL:     11   Next: 15%
Magic:  8/10       EV: 16    Int:  4    God:    Cheibriados [*]
Gold:   224        SH:  0    Dex: 16    Spells: 10/10 levels left

rFire    . . .     SeeInvis .     - Unarmed
rCold    + + .     Gourm    +   (no shield)
rNeg     + . .     Faith    .   F - +1 animal skin
rPois    +         Spirit   .   c - +2 hat {MR+}
rElec    +         Reflect  .   B - +0 cloak
rCorr    +         Harm     .   (gloves unavailable)
MR       +....                  (boots unavailable)
Stlth    ..........             y - amulet of magic regeneration
Regen    0.8/turn               x - ring of ice
MPRegen  0.2/turn               A - ring of positive energy

@: agile, berserking, lethally poisoned (0 -> -5), resistant, very slow
A: unfitting armour, claws 3, horns 1, agile 1, fast metabolism 3, gourmand,
regeneration 1, shaggy fur 1, strong 1, tough skin 2, MP-powered wands
a: Renounce Religion


You were on level 9 of the Dungeon.
You worshipped Cheibriados.
Cheibriados was demanding penance.
You were full.

You visited 2 branches of the dungeon, and saw 10 of its levels.
You also visited: Bailey.

You collected 268 gold pieces.
You spent 44 gold pieces at shops.

Inventory:

Missiles
 g - 68 tomahawks of returning (quivered)
Armour
 a - a +0 robe
 b - a +0 shield
 c - a +2 hat of magic resistance (worn)
 B - a +0 cloak (worn)
 F - a +1 animal skin (worn)
 G - a +0 buckler
 I - the -2 hat of the Alchemist {rElec rPois rF+ rC+ rN+ MR+ rMut rCorr}
   (You found it on level 8 of the Dungeon)

   It protects you from fire.
   It protects you from cold.
   It insulates you from electricity.
   It protects you from poison.
   It protects you from negative energy.
   It affects your resistance to hostile enchantments.
   It protects you from acid and corrosion.
   It protects you from mutation.
Jewellery
 u - an uncursed ring of protection from fire
 x - a ring of ice (left claw)
 y - an amulet of magic regeneration (around neck)
 A - a ring of positive energy (right claw)
 C - an uncursed amulet of rage
Wands
 t - a wand of paralysis (13/24)
Scrolls
 e - 8 scrolls of identify
 i - 3 scrolls of remove curse
 n - 2 scrolls of random uselessness
 o - 4 scrolls of teleportation
Potions
 f - 3 potions of might
 j - a potion of cancellation
 k - 2 potions of haste
 l - 2 potions of magic
 m - a potion of berserk rage
 q - 3 potions of mutation
 s - 2 potions of curing {unknown}
 v - 2 potions of resistance
 E - a potion of invisibility {unknown}
Books
 d - a book of Enchantments

   Spells                             Type                      Level
   a - Cause Fear                     Hexes                        4
   b - Yara's Violent Unravelling     Hexes/Transmutation          5
   c - Silence                        Hexes/Air                    5
   d - Deflect Missiles               Charms/Air                   6
   e - Discord                        Hexes                        8
 w - a book of Air

   Spells                             Type                      Level
   a - Shock                          Conjuration/Air              1
   b - Swiftness                      Charms/Air                   2
   c - Static Discharge               Conjuration/Air              3
   d - Airstrike                      Air                          4
   e - Lightning Bolt                 Conjuration/Air              5
 D - a book of Debilitation

   Spells                             Type                      Level
   a - Corona                         Hexes                        1
   b - Slow                           Hexes                        2
   c - Inner Flame                    Hexes/Fire                   3
   d - Portal Projectile              Hexes/Translocation          3
   e - Cause Fear                     Hexes                        4
   f - Leda's Liquefaction            Hexes/Earth                  4
Comestibles
 h - 5 meat rations
 r - 7 bread rations
 z - 7 royal jellies


   Skills:
 - Level 2.4 Fighting
 - Level 2.4 Dodging
 - Level 1.6 Stealth
 - Level 2.4 Shields
 * Level 16.4 Unarmed Combat
 + Level 0.1 Invocations
 - Level 0.1 Evocations


You had 10 spell levels left.
You didn't know any spells.

Dungeon Overview and Level Annotations

Branches:
Dungeon (9/15)             Temple (1/1) D:7            Lair (0/6) D:9
    Orc: D:9-12

Altars:
Cheibriados
Dithmenos
Elyvilon
Fedhas
Gozag
Hepliaklqana
Kikubaaqudgha
Nemelex Xobeh
Okawaru
Qazlal
Ru
Sif Muna
Uskayaw
Vehumet
Xom
Yredelemnul
The Shining One

Shops:
D:8 *

Annotations:
D:9 Prince Ribbit


Innate Abilities, Weirdness & Mutations

You are too large for most types of armour.
You have claws for hands.
Your metabolism is lightning-fast.
You like to eat raw meat.
Your natural rate of healing is unusually fast.
You are covered in fur. (AC +1)
You have very tough skin. (AC +2)
You have a pair of small horns on your head.
You are agile. (Dex +2)
Your muscles are strong. (Str +2)
You expend magic power (3 MP) to strengthen your wands.


Message History

The jackal barks!
You hear a bark! x2
Unknown command.
* * * LOW HITPOINT WARNING * * *
You feel sick. Erolcha misses you.
Unknown command.
A red film seems to cover your vision as you go berserk!
Cheibriados thinks you should slow down.
You feel very guilty. "You will pay for your transgression, mortal!"
Cheibriados forces you to slow down.
You feel mighty!
* * * LOW HITPOINT WARNING * * *
You feel sick. Erolcha closely misses you. Erolcha hits you with a giant club.
* * * LOW HITPOINT WARNING * * *
You eviscerate Erolcha!!!
You kill Erolcha!
Cheibriados appreciates the change of pace.
* * * LOW HITPOINT WARNING * * *
You feel sick.
You die...

.≈≈≈....# §≈.≈≈≈≈..#
.≈§.≈≈≈≈.#
.≈≈§>h≈..##
§≈§≈h≈≈≈..# .
..≈≈≈≈≈≈..# ...
...≈≈≈§...# #...#
........h.####.....#
...######.).@...[.#
####......# #.....##
..##.## .## .# ## #


You could see a jackal.

Vanquished Creatures
  Erolcha (D:9)
  A hippogriff (D:7)
  A human (D:7)
  Sigmund (D:5)
  Grum (D:8)
  A hungry ghost (D:5)
  4 hogs (D:7)
  Menkaure (D:7)
  2 sky beasts
  4 orc warriors
  An ice beast (D:5)
  A black bear (D:9)
  4 ogres
  3 centaurs
  2 wolves (D:8)
  4 bullfrogs
  2 scorpions (D:7)
  4 killer bees
  A howler monkey (D:4)
  3 crimson imps
  A centaur zombie (D:7)
  2 jellies (D:6)
  2 bullfrog zombies
  5 hounds
  Crazy Yiuf (D:5)
  An orc priest (D:6)
  6 orc wizards
  An iguana (D:8)
  2 worker ants (D:6)
  13 gnolls (Bailey)
  6 adders
  2 shadow imps (D:5)
  4 worms
  2 dart slugs
  4 leopard geckos
  13 orcs
  2 ball pythons
  3 giant cockroaches
  15 hobgoblins
  8 quokkas
  6 bats
  5 frilled lizards
  12 goblins
  21 kobolds
  A quokka skeleton (D:4)
  8 rats
188 creatures vanquished.

Notes
Turn   | Place    | Note
-------+----------+-------------------------------------------
     0 | D:1      | Inchmeat the Troll Fighter began the quest for the Orb.
     0 | D:1      | Reached XP level 1. HP: 22/22 MP: 0/0
   292 | D:1      | Reached XP level 2. HP: 29/29 MP: 1/1
   638 | D:1      | Reached skill level 3 in Unarmed Combat
  1007 | D:2      | Found a shadowy altar of Dithmenos.
  1064 | D:2      | Reached XP level 3. HP: 36/36 MP: 2/2
  1361 | D:2      | Reached skill level 4 in Unarmed Combat
  1676 | D:2      | Reached XP level 4. HP: 44/44 MP: 3/3
  2016 | D:3      | Found a deep blue altar of Sif Muna.
  2108 | D:3      | Found a transporter.
  2149 | D:3      | Found a transporter.
  2408 | D:4      | Found a sparkling altar of Nemelex Xobeh.
  2445 | D:4      | Reached skill level 5 in Unarmed Combat
  2445 | D:4      | Reached XP level 5. HP: 48/50 MP: 4/4
  2653 | D:4      | Noticed an ogre
  2667 | D:4      | Killed an ogre
  2667 | D:4      | Reached skill level 6 in Unarmed Combat
  3245 | D:5      | Entered Level 5 of the Dungeon
  3276 | D:5      | Noticed Sigmund
  3283 | D:5      | Killed Sigmund
  3283 | D:5      | Reached skill level 1 in Stealth
  3283 | D:5      | Reached XP level 6. HP: 46/59 MP: 5/5
  3568 | D:5      | Noticed an ice beast
  3577 | D:5      | Killed an ice beast
  3577 | D:5      | Reached skill level 7 in Unarmed Combat
  3704 | D:5      | Reached XP level 7. HP: 57/66 MP: 6/6
  3782 | D:5      | Found a runed door.
  4075 | D:5      | Noticed Crazy Yiuf
  4113 | D:5      | Killed Crazy Yiuf
  4196 | D:5      | Noticed a hungry ghost
  4213 | D:5      | Killed a hungry ghost
  4213 | D:5      | Reached skill level 8 in Unarmed Combat
  4561 | D:6      | Reached skill level 9 in Unarmed Combat
  4561 | D:6      | Reached XP level 8. HP: 74/74 MP: 7/7
  5217 | D:7      | Reached skill level 10 in Unarmed Combat
  5426 | D:7      | Noticed Menkaure
  5433 | D:7      | Killed Menkaure
  5441 | D:7      | Reached skill level 11 in Unarmed Combat
  5595 | D:7      | Identified a scroll of acquirement
  5727 | D:7      | Reached XP level 9. HP: 24/80 MP: 8/8
  6150 | D:7      | Found a glowing golden altar of the Shining One.
  6150 | D:7      | Found a shimmering altar of Xom.
  6284 | D:7      | Found a staircase to the Ecumenical Temple.
  6340 | D:7      | Reached skill level 12 in Unarmed Combat
  6366 | Temple   | Entered the Ecumenical Temple
  6512 | Temple   | Became a worshipper of Cheibriados the Contemplative
  6729 | D:7      | Reached skill level 13 in Unarmed Combat
  7092 | D:8      | Found Pilest's General Store.
  7116 | D:8      | Bought a scroll of identify for 22 gold pieces
  7116 | D:8      | Bought a scroll of identify for 22 gold pieces
  7136 | D:8      | Found a flagged portal.
  7167 | Bailey   | Entered a bailey
  7180 | Bailey   | Reached * piety under Cheibriados
  7362 | Bailey   | Reached ** piety under Cheibriados
  7545 | Bailey   | Reached skill level 16 in Unarmed Combat
  7545 | Bailey   | Reached XP level 10. HP: 88/88 MP: 9/9
  7547 | Bailey   | Gained mutation: Your body sometimes deteriorates upon taking damage. [potion of mutation]
  7547 | Bailey   | Gained mutation: You expend magic power (3 MP) to strengthen your wands. [potion of mutation]
  7547 | Bailey   | Gained mutation: You are agile. (Dex +2) [potion of mutation]
  7547 | Bailey   | Gained mutation: You are resistant to hostile enchantments. (MR+) [potion of mutation]
  7548 | Bailey   | Lost mutation: Your body sometimes deteriorates upon taking damage. [potion of mutation]
  7548 | Bailey   | Lost mutation: You are resistant to hostile enchantments. (MR+) [potion of mutation]
  7548 | Bailey   | Gained mutation: You have a pair of small horns on your head. [potion of mutation]
  7548 | Bailey   | Gained mutation: Your muscles are strong. (Str +2) [potion of mutation]
  7928 | D:8      | Reached XP level 11. HP: 87/94 MP: 10/10
  7968 | D:8      | Noticed Grum
  7986 | D:8      | Killed Grum
  8247 | D:9      | Noticed Prince Ribbit
  8265 | D:9      | Found a staircase to the Lair.
  8265 | D:9      | Noticed Erolcha
  8274 | D:9      | Was placed under penance by Cheibriados
  8274 | D:9      | HP: 6/141 [poisoned by a killer bee]
  8275 | D:9      | Killed Erolcha
  8275 | D:9      | HP: 2/141 [poisoned by a killer bee]
  8276 | D:9      | Succumbed to a killer bee's poison

Skill      XL: |  1  2  3  4  5  6  7  8  9 |
---------------+----------------------------+-----
Unarmed Combat | 3 4 5 6 7 9 11 16 | 16.4
Stealth        | 1 |  1.6
Fighting       | |  2.4
Dodging        | |  2.4
Shields        | |  2.4
Invocations    | |  0.1
Evocations     | |  0.1

Action                   |  1- 3 |  4- 6 |  7- 9 | 10-12 || total
-------------------------+-------+-------+-------+-------++-------
Melee: Unarmed           |   123 |    85 |   284 |    37 ||   529
       Punch             |       |       |    13 |     2 ||    15
       Headbutt          |       |       |       |     6 ||     6
Throw: Tomahawk          |       |       |     4 |       ||     4
Invok: Bend Time         |       |       |       |     2 ||     2
Evoke: Wand              |       |     1 |       |       ||     1
  Use: Scroll            |       |     6 |    11 |     2 ||    19
       Potion            |       |       |     9 |     9 ||    18
 Stab: Sleeping          |     2 |       |     2 |       ||     4
  Eat: Bread ration      |     2 |       |       |       ||     2
       Chunk             |     3 |    14 |    38 |     2 ||    57
       Fruit             |       |     1 |     4 |       ||     5
       Meat ration       |       |     1 |       |       ||     1
       Royal jelly       |       |       |     2 |       ||     2
Armor: Robe              |    28 |    16 |    84 |     9 ||   137
       Animal skin       |       |       |       |    16 ||    16
Dodge: Dodged            |    37 |    18 |   169 |    51 ||   275
Block: Shield            |    33 |    36 |     5 |       ||    74
